 Dungeon Crawl Stone Soup version 0.30-a0-867-g305f33218d (webtiles) character file.

Game seed: 124200946337023019

354 Farfigtubin the Stinger (level 6, -1/28 HPs)
             Began as a Spriggan Venom Mage on Mar 11, 2023.
             Slain by a mummy (4 damage)
             ... in an ossuary.
             The game lasted 00:27:13 (3632 turns).

Farfigtubin the Stinger (Spriggan Venom Mage)       Turns: 3632, Time: 00:27:14

Health: -1/28      AC:  2    Str:  4    XL:     6   Next: 35%
Magic:  11/14      EV: 17    Int: 19    God:
Gold:   194        SH:  0    Dex: 13    Spells: 11/14 levels left

rFire   . . .      SeeInvis +    q - +3 dagger "Emub Qihura" {freeze, rElec rCorr Dex-2}
rCold   . . .      Faith    .    (no shield)
rNeg    . . .      Spirit   .    d - +0 robe
rPois   .          Reflect  .    (helmet restricted)
rElec   +          Rampage  .    (no cloak)
rCorr   +                        (gloves unavailable)
Will    +....                    (boots unavailable)
Stlth   +++                      (no amulet)
HPRegen 0.24/turn                (no ring)
MPRegen 0.14/turn                (no ring)

@: very quick
A: very small, no large weapons, unfitting armour, see invisible, speed 3
a: no special abilities


You were in an ossuary.
You visited 1 branch of the dungeon, and saw 4 of its levels.
You also visited: Ossuary.

You collected 194 gold pieces.

Inventory:

Hand Weapons
 a - a +0 dagger
 b - a +0 sling
 q - the +3 dagger "Emub Qihura" (weapon) {freeze, rElec rCorr Dex-2}
   (You found it on level 3 of the Dungeon)

   Dex:       It affects your dexterity (-2).
   rElec:     It insulates you from electricity.
   rCorr:     It protects you from acid and corrosion.
Armour
 d - a +0 robe (worn)
Wands
 o - a wand of iceblast (8)
Scrolls
 c - a scroll of summoning {unknown}
 g - 3 scrolls of identify {unknown}
 j - a scroll of enchant weapon {unknown}
 k - 3 scrolls of poison {unknown}
 p - a scroll of fog {unknown}
 s - a scroll of teleportation {unknown}
 u - a scroll of blinking {unknown}
Potions
 e - 2 potions of magic
 f - a potion of degeneration {unknown}
 h - a potion of invisibility {unknown}
 i - 3 potions of attraction {unknown}
 l - a potion of flight {unknown}
 m - 4 potions of heal wounds {unknown}
 n - 4 potions of curing {unknown}
 r - a potion of lignification {unknown}
 t - a potion of haste
 v - a potion of ambrosia {unknown}


   Skills:
 - Level 2.6 Dodging
 - Level 4.3 Stealth
 + Level 4.7 Spellcasting
 - Level 1.3 Transmutations
 + Level 2.0 Air Magic
 * Level 5.5 Poison Magic


You had 11 spell levels left.
You knew the following spells:

 Your Spells              Type           Power      Damage    Failure   Level
a - Sting                 Tmut/Pois      68%        1d6       3%          1
b - Poisonous Vapours     Pois/Air       36%        N/A       4%          2

Your spell library contained the following spells:

 Spells                   Type           Power      Damage    Failure   Level
 Olgreb's Toxic Radiance  Pois           25%        N/A       13%         4
 Passwall                 Tmut/Erth      5%         N/A       14%         2
 Mephitic Cloud           Conj/Pois/Air  14%        N/A       14%         3
 Swiftness                Air            12%        N/A       17%         3
 Ensorcelled Hibernation  Hex/Ice        8%         N/A       19%         2
 Scorch                   Fire           8%         2d5       19%         2
 Ozocubu's Armour         Ice            4%         N/A       36%         3
 Flame Wave               Conj/Fire      4%         2d5       77%         4
 Summon Cactus Giant      Summ           2%         N/A       100%        6
 Ozocubu's Refrigeration  Ice            2%         4d7       100%        7


Dungeon Overview and Level Annotations

Branches:
Dungeon (4/15)            Ossuary (1/1)
 Temple: D:4-7

Altars:


Innate Abilities, Weirdness & Mutations

You are very small and have problems with some larger weapons.
You are too small for most types of armour.
You have supernaturally acute eyesight. (SInv)
You cover ground extremely quickly. (Speed+++)


Message History

You see here a purple potion.
m - 2 purple potions (gained 1)
You see here a bubbling emerald potion.
v - a bubbling emerald potion You see here a lumpy golden potion.
i - 3 lumpy golden potions (gained 1)
You see here 10 gold pieces.
You now have 194 gold pieces (gained 10).
Aiming: Sting (safe; 3% risk of failure)
Press: ? - help, Q - select action, (/) - cycle Shift-Dir - straight line, f - hobgoblin zombie
Aim: a hobgoblin zombie (91% to hit)
The sting hits the hobgoblin zombie.
The hobgoblin zombie partially resists.
The hobgoblin zombie is moderately damaged.
Aiming: Sting (safe; 3% risk of failure)
Press: ? - help, Q - select action, (/) - cycle Shift-Dir - straight line, f/p - hobgoblin zombie
Aim: a hobgoblin zombie (moderately damaged, 91% to hit)
The sting hits the hobgoblin zombie.
The hobgoblin zombie partially resists.
The hobgoblin zombie is moderately damaged.
The hobgoblin zombie barely misses you. The kobold zombie barely misses you.
The kobold zombie closely misses you. The mummy completely misses you.
The hobgoblin zombie barely misses you.
You see here a scroll labelled PEZOGUNLIN.
k - 3 scrolls labelled PEZOGUNLIN (gained 1)
The hobgoblin zombie closely misses you.
The mummy misses you.
You see here a coppery potion.
n - 4 coppery potions (gained 1)
The hobgoblin zombie barely misses you. The kobold zombie closely misses you.
You see here 14 gold pieces.
The mummy hits you!
Ouch! That really hurt!
The mummy hits you!
* * * LOW HITPOINT WARNING * * *
You see here 2 purple potions.
m - 4 purple potions (gained 2)
The kobold zombie closely misses you. The mummy closely misses you.
The mummy hits you.
You die...

.. ##..##......#
..##....##.....#
...............#
........M.....#
........Z....#
#........##'#
#Z.....##..##
##...M##....##
#....#..Z.@M##
#....#....M.$#
#..M.#...ZZM$#
#....#...Z.M$#
#....#.....$##
#....##...$$#
#....##...$##
#.∩∩.###...#
###### #####


You could see 4 mummies, 2 hobgoblin zombies, a kobold zombie and an orc zombie.

Vanquished Creatures
  A scorpion (D:4)
  A jelly (D:4)
  2 orc priests (D:4)
  An orc wizard (D:4)
  4 adders
  3 gnolls (D:3)
  2 worms
  3 orcs (D:4)
  7 ball pythons
  11 endoplasms
  A giant cockroach (D:1)
  7 goblins
  14 hobgoblins
  7 jackals (D:1)
  8 quokkas
  6 bats
  4 frilled lizards
  7 kobolds
  An orc zombie (Ossuary)
  7 rats
97 creatures vanquished.

Notes
Turn   | Place    | Note
-------+----------+-------------------------------------------
     0 | D:1      | Farfigtubin the Spriggan Venom Mage began the quest for the
                  | Orb.
     0 | D:1      | Reached XP level 1. HP: 9/9 MP: 5/5
   317 | D:1      | Reached XP level 2. HP: 13/13 MP: 3/6
   528 | D:2      | Identified the +11 flail "Diynuseg" {freeze, Dex+3}
   797 | D:1      | Reached XP level 3. HP: 16/16 MP: 2/8
  1681 | D:2      | Reached skill level 4 in Poison Magic
  1832 | D:2      | Reached XP level 4. HP: 21/21 MP: 6/10
  2033 | D:2      | Learned a level 2 spell: Poisonous Vapours
  2115 | D:2      | You fall into a shaft and drop 1 floor!
  2805 | D:3      | Reached XP level 5. HP: 24/24 MP: 4/11
  2927 | D:3      | Reached skill level 1 in Air Magic
  2983 | D:3      | Identified the +3 dagger "Emub Qihura" {freeze, rElec rCorr
                  | Dex-2}
  3311 | D:4      | Reached skill level 5 in Poison Magic
  3441 | D:4      | Reached XP level 6. HP: 28/28 MP: 10/13
  3539 | D:4      | Found a sand-covered staircase.
  3548 | Ossuary  | Entered an ossuary
  3632 | Ossuary  | Slain by a mummy

Illustrated notes

Levels and vault maps discovered:
D:1:      lordsloth_arrival_two_stooges, layout_basic
D:2:      layout_loops_cross
D:3:      layout_basic, minmay_misc_feat_roman
D:4:      layout_basic, okawaru_altar_gauntlet_db, nicolae_ossuary_entry_ruins,
          grunt_ministairs_2, chequers_serial_rivers_micro_d,
          grunt_decor_mini_mirrors
Ossuary:  ossuary_tomb_3

Skill      XL: |  1  2  3  4  5  6 |
---------------+-------------------+-----
Spellcasting   | 3 4 |  4.7
Stealth        | 4 |  4.3
Poison Magic   | 4 5 |  5.5
Air Magic      | 1 2 |  2.0
Dodging        | |  2.6
Transmutations | |  1.3

Action                     |  1- 3 |  4- 6 || total
---------------------------+-------+-------++-------
  Melee: Dagger            |     1 |     9 ||    10
   Cast: Sting             |    90 |    96 ||   186
         Poisonous Vapours |       |     2 ||     2
   Stab: Sleeping          |       |     1 ||     1
 Armour: Robe              |     2 |     3 ||     5
  Dodge: Dodged            |    14 |    26 ||    40

Table legend: (Time is in decaauts)
 A = Elapsed time spent in this place.
 B = Non-inter-level travel time spent in this place.
 C = Inter-level travel time spent in this place.
 D = Time resting spent in this place.
 E = Time spent auto-exploring this place.
 F = Levels seen in this place.
 G = Mean time per level.
                   A        B        C        D        E       F      G
               +--------+--------+--------+--------+--------+-----+--------+
         Total |   2603 |   2551 |     52 |    108 |   1067 |   5 |  520.6 |
       Dungeon |   2539 |   2487 |     52 |     98 |   1067 |   4 |  634.8 |
       Ossuary |     64 |     64 |      0 |     10 |      0 |   1 |   64.0 |
               +--------+--------+--------+--------+--------+-----+--------+

Top non-repeatable levels by time:
     D:1: 895 daAuts
     D:2: 795 daAuts
     D:3: 574 daAuts
     D:4: 274 daAuts
 Ossuary: 64 daAuts
